 Dungeon Crawl Stone Soup version 0.31-a0-152-g6aa68a64a1 (webtiles) character file.

Game seed: 694073661148258855

137 qw the Shooter (level 5, -5/49 HPs)
             Began as a Naga Hunter on June 11, 2023.
             Slain by a gnoll
             ... wielding a +0 spear
              (7 damage)
             ... on level 4 of the Dungeon.
             The game lasted 00:00:50 (1990 turns).

qw the Shooter (Naga Hunter)                        Turns: 1990, Time: 00:00:51

Health: -5/49      AC:  3    Str: 13    XL:     5   Next: 20%
Magic:  5/5        EV:  9    Int: 10    God:
Gold:   129        SH:  0    Dex: 16    Spells: 4/4 levels left

rFire   . . .        Y - +1 shortbow
rCold   . . .        (shield currently unavailable)
rNeg    . . .        c - +0 leather armour
rPois   +            (no helmet)
rElec   .            (no cloak)
rCorr   .            (no gloves)
SInv    +            (no barding)
Will    .....        h - amulet of the acrobat
Stlth   ++           (no ring)
HPRegen 0.28/turn    (no ring)
MPRegen 0.09/turn

%: acrobat
@: short of breath, very slow
A: AC +1, large, see invisible, deformed body, poison resistance, slowness 2,
spit poison 1, naga tail 1
a: Spit Poison


You were on level 4 of the Dungeon.
You visited 1 branch of the dungeon, and saw 4 of its levels.

You collected 129 gold pieces.


Innate Abilities, Weirdness & Mutations

Your serpentine skin is tough. (AC +1)
You have supernaturally acute eyesight. (SInv)
Armour fits poorly on your strangely shaped body.
Your system is resistant to poisons. (rPois)
You cover ground very slowly.
You can spit poison.
You have a snake-like lower body.


   Skills:
 - Level 3.0 Fighting
 + Level 5.3 Ranged Weapons
 - Level 1.5 Dodging
 - Level 1.5 Stealth


You had 4 spell levels left.
You didn't know any spells.
Your spell library was empty.

Inventory:

Hand Weapons
 Y - a +1 shortbow (weapon)
Armour
 c - a +0 leather armour (worn)
Jewellery
 h - an amulet of the acrobat (around neck)
Potions
 b - a potion of mutation {unknown}
 d - a potion of resistance {unknown}
 e - a potion of ambrosia {unknown}
 f - 2 potions of curing
 g - a potion of brilliance {unknown}
 j - a potion of attraction {unknown}
 k - a potion of might

Dungeon Overview and Level Annotations

Branches:
Dungeon (4/15)
 Temple: D:4-7

Altars:
Ashenzari
Sif Muna

Annotations:
D:4 1 transporter, qw's ghost, amateur GrHu


Message History

The kobold throws a stone.
The stone hits you but does no damage. The ball python bites you.
You shoot an arrow. The arrow hits the kobold.
The kobold is severely wounded.
The ball python closely misses you.
The gnoll hits you from afar with a +0 spear.
The kobold hits you with a +0 short sword.
You shoot an arrow. The arrow hits the kobold.
You kill the kobold!
You have got your breath back.
The ball python barely misses you. The kobold barely misses you.
The gnoll hits you from afar with a +0 spear.
The ball python bites you but does no damage.
1986 ||| INVOKING Spit Poison.
Aiming: Spit Poison (1% risk of failure)
Press: ? - help, Shift-Dir - straight line, f - kobold The splash of poison misses the kobold.
The kobold hits you with a +0 whip. The gnoll closely misses you.
The ball python bites you but does no damage.
You shoot an arrow. The arrow hits the kobold.
You kill the kobold!
The ball python barely misses you.
The gnoll hits you from afar with a +0 spear.
You shoot an arrow. The arrow hits the ball python.
The ball python is heavily wounded.
You have got your breath back.
The ball python bites you but does no damage.
The gnoll hits you from afar with a +0 spear.
The ball python bites you but does no damage.
1989 ||| INVOKING Spit Poison.
Aiming: Spit Poison (1% risk of failure)
Press: ? - help, Shift-Dir - straight line, f/p - ball python The splash of poison hits the ball python!
The ball python is poisoned.
You kill the ball python!
The gnoll hits you from afar with a +0 spear.
You shoot an arrow. The arrow barely misses the gnoll.
The gnoll closely misses you.
The gnoll hits you from afar with a +0 spear!
You die...

##..............
#####
#>....##########
.....####...).#..
........#.##..#...
#######.......#..#
#$.$$.#.......#..#
#.....#.......#....
#.._..#......^#....
#$.$..#@).....#..
#..$..#.).....#..
###'###g......#..
......%.......#
..............#
..............#
........#......
.....?..#......


You could see a gnoll.

Vanquished Creatures
  2 gnolls (D:4)
  3 adders
  2 dart slugs
  7 orcs
  9 ball pythons
  3 endoplasms
  2 giant cockroaches
  6 goblins
  6 hobgoblins
  3 jackals
  10 kobolds
  5 quokkas
  7 bats
  3 frilled lizards
  7 rats
75 creatures vanquished.

Notes
Turn   | Place    | Note
-------+----------+-------------------------------------------
     0 | D:1      | qw the Naga Hunter began the quest for the Orb.
     0 | D:1      | Reached XP level 1. HP: 19/19 MP: 1/1
     0 | D:1      | 0 ||| qw: Version: 0.2-a-29-g99eb96e
     0 | D:1      | 0 ||| qw: Game counter: 4100
     0 | D:1      | 0 ||| qw: Always use a shield: true
     0 | D:1      | 0 ||| qw: God list: Okawaru
     0 | D:1      | 0 ||| qw: Allow faded altars: false
     0 | D:1      | 0 ||| qw: Do Orc after D:15 true
     0 | D:1      | 0 ||| qw: Do second Lair branch before Depths: true
     0 | D:1      | 0 ||| qw: Lair rune preference: random
     0 | D:1      | 0 ||| qw: Plans: Normal
     0 | D:1      | 0 ||| PLANNING D:1-11
    27 | D:1      | 27 ||| INVOKING Spit Poison.
    40 | D:1      | 40 ||| INVOKING Spit Poison.
    66 | D:1      | 66 ||| INVOKING Spit Poison.
    69 | D:1      | 69 ||| INVOKING Spit Poison.
   199 | D:1      | Reached skill level 4 in Ranged Weapons
   199 | D:1      | Reached XP level 2. HP: 26/26 MP: 2/2
   205 | D:1      | 205 ||| INVOKING Spit Poison.
   250 | D:1      | 250 ||| INVOKING Spit Poison.
   256 | D:1      | 256 ||| INVOKING Spit Poison.
   285 | D:1      | 285 ||| INVOKING Spit Poison.
   364 | D:1      | 364 ||| INVOKING Spit Poison.
   412 | D:1      | 412 ||| INVOKING Spit Poison.
   451 | D:1      | 451 ||| INVOKING Spit Poison.
   467 | D:1      | 467 ||| INVOKING Spit Poison.
   470 | D:1      | 470 ||| INVOKING Spit Poison.
   471 | D:1      | Reached XP level 3. HP: 31/32 MP: 3/3
   637 | D:1      | 637 ||| UPGRADING to amulet of the acrobat.
   642 | D:1      | 642 ||| READING scroll labelled XUWOOG RENEOT.
   643 | D:1      | 643 ||| READING scroll labelled SOOTEDDU SIGUY.
   701 | D:1      | 701 ||| DRINKING 2 purple potions.
   702 | D:1      | 702 ||| DRINKING 2 black potions.
   703 | D:1      | 703 ||| DROPPING scroll of butterflies.
   708 | D:2      | 708 ||| INVOKING Spit Poison.
   716 | D:2      | 716 ||| INVOKING Spit Poison.
   720 | D:2      | 720 ||| INVOKING Spit Poison.
   763 | D:2      | 763 ||| INVOKING Spit Poison.
   769 | D:2      | 769 ||| INVOKING Spit Poison.
   773 | D:2      | 773 ||| INVOKING Spit Poison.
   779 | D:2      | 779 ||| INVOKING Spit Poison.
   896 | D:2      | 896 ||| INVOKING Spit Poison.
   990 | D:2      | 990 ||| INVOKING Spit Poison.
   997 | D:2      | 997 ||| INVOKING Spit Poison.
   998 | D:2      | 998 ||| INVOKING Spit Poison.
  1039 | D:2      | 1039 ||| INVOKING Spit Poison.
  1058 | D:2      | Found a faded altar of an unknown god.
  1061 | D:2      | 1061 ||| INVOKING Spit Poison.
  1110 | D:2      | 1110 ||| INVOKING Spit Poison.
  1111 | D:2      | Reached skill level 5 in Ranged Weapons
  1217 | D:2      | 1217 ||| READING scroll labelled HIATOPH BUOR.
  1231 | D:3      | 1231 ||| INVOKING Spit Poison.
  1234 | D:3      | Reached XP level 4. HP: 39/39 MP: 4/4
  1235 | D:3      | 1235 ||| INVOKING Spit Poison.
  1238 | D:3      | 1238 ||| INVOKING Spit Poison.
  1242 | D:3      | 1242 ||| STAIRDANCE
  1244 | D:2      | 1244 ||| INVOKING Spit Poison.
  1267 | D:3      | 1267 ||| STAIRDANCE
  1269 | D:2      | 1269 ||| INVOKING Spit Poison.
  1336 | D:3      | 1336 ||| INVOKING Spit Poison.
  1360 | D:3      | Found a broken altar of Ashenzari.
  1370 | D:3      | 1370 ||| INVOKING Spit Poison.
  1376 | D:3      | 1376 ||| INVOKING Spit Poison.
  1401 | D:3      | 1401 ||| INVOKING Spit Poison.
  1408 | D:3      | 1408 ||| INVOKING Spit Poison.
  1501 | D:3      | 1501 ||| INVOKING Spit Poison.
  1510 | D:3      | 1510 ||| FLEEEEING.
  1511 | D:3      | 1511 ||| FLEEEEING.
  1518 | D:3      | 1518 ||| INVOKING Spit Poison.
  1539 | D:3      | 1539 ||| INVOKING Spit Poison.
  1540 | D:3      | Reached skill level 3 in Fighting
  1540 | D:3      | Identified the +0 ring mail of Datekege {Int+4 Stlth+}
  1636 | D:3      | 1636 ||| INVOKING Spit Poison.
  1688 | D:3      | 1688 ||| INVOKING Spit Poison.
  1705 | D:3      | 1705 ||| INVOKING Spit Poison.
  1894 | D:3      | 1894 ||| DROPPING +0 ring mail of Datekege {Int+4 Stlth+}.
  1895 | D:3      | 1895 ||| READING scroll labelled GEATWO TISO.
  1900 | D:3      | 1900 ||| READING scroll labelled GAYCHOY ZAWYMM.
  1901 | D:3      | 1901 ||| DRINKING 3 inky potions.
  1955 | D:4      | Found a transporter.
  1958 | D:4      | Noticed qw's ghost (amateur GrHu)
  1962 | D:4      | Found a shimmering blue altar of Sif Muna.
  1969 | D:4      | 1969 ||| INVOKING Spit Poison.
  1974 | D:4      | Reached XP level 5. HP: 37/49 MP: 5/5
  1976 | D:4      | 1976 ||| INVOKING Spit Poison.
  1977 | D:4      | 1977 ||| INVOKING Spit Poison.
  1978 | D:4      | HP: 12/49 [ball python (1)]
  1979 | D:4      | 1979 ||| DRINKING potion of heal wounds.
  1982 | D:4      | 1982 ||| INVOKING Spit Poison.
  1986 | D:4      | 1986 ||| INVOKING Spit Poison.
  1987 | D:4      | HP: 9/49 [gnoll/+0 spear (4)]
  1989 | D:4      | 1989 ||| INVOKING Spit Poison.
  1989 | D:4      | HP: 1/49 [gnoll/+0 spear (5)]
  1990 | D:4      | Slain by a gnoll

Levels and vault maps discovered:
D:1:      grunt_arrival_crossed_arrows, layout_loops_ring
D:2:      layout_rooms, chequers_ecumenical_altar_island,
          kennysheep_generic_room_13
D:3:      layout_basic, ashenzari_conservatory_becter, grunt_ministairs_6,
          minmay_surrounded
D:4:      minmay_octagon_keep, layout_basic, amcnicky_altar_gilded,
          minmay_temple_entry_slanted, gammafunk_ghost_mausoleum,
          uniq_blork_the_orc

Skill      XL: |  1  2  3  4 |
---------------+-------------+-----
Ranged Weapons | 4 5 |  5.3
Fighting       | 3 |  3.0
Dodging        | |  1.5
Stealth        | |  1.5

Action                     |  1- 3 |  4- 6 || total
---------------------------+-------+-------++-------
   Fire: Shortbow          |    60 |    57 ||   117
Ability: Spit Poison       |    27 |    20 ||    47
    Use: Scroll            |     3 |     2 ||     5
         Potion            |     2 |     2 ||     4
 Armour: Leather armour    |     8 |    20 ||    28
  Dodge: Dodged            |    28 |    32 ||    60

Table legend:
 A = Non-vault XP
 B = Vault XP
 C = Vault XP percentage of total XP
 D = Non-vault monster count
 E = Vault monster count
 F = Vault count percentage of total count
                 A         B        C        D         E       F
            +---------+---------+-------+---------+---------+-------
      Total |     188 |       8 |   4.1 |      71 |       4 |   5.3
            +---------+---------+-------+---------+---------+-------
        D:1 |      37 |       0 |   0.0 |      23 |       0 |   0.0
        D:2 |      51 |       4 |   7.3 |      22 |       2 |   8.3
        D:3 |      61 |       4 |   6.2 |      18 |       2 |  10.0
        D:4 |      39 |       0 |   0.0 |       8 |       0 |   0.0
            +---------+---------+-------+---------+---------+-------
